 Dungeon Crawl Stone Soup version 0.30-a0-321-gf7783e6616 (webtiles) character file.

Game seed: 3013432390414687285

22298 Ijustatesigmund the Blocker (level 12, 0/98 HPs)
             Began as a Gnoll Fighter on Oct 27, 2022.
             Was an Elder of Cheibriados.
             Shot with a bolt by a yaktaur (7 damage)
             ... on level 13 of the Dungeon.
             The game lasted 00:23:06 (12738 turns).

Ijustatesigmund the Blocker (Gnoll Fighter)        Turns: 12738, Time: 00:23:06

Health: 0/98       AC: 14    Str: 35    XL:     12   Next: 99%
Magic:  24/24      EV: 21    Int: 22    God:    Cheibriados [****..]
Gold:   700        SH:  8    Dex: 22    Spells: 27/27 levels left

rFire   x . .      SeeInvis .    z - +7 war axe of Silly Watchfulness {flame, +Blink rF- rC+ Str+6}
rCold   + . .      Faith    .    c - +0 buckler
rNeg    . . .      Spirit   .    b - +5 ring mail "Jykorgh" {Int+3}
rPois   +          Reflect  .    (no helmet)
rElec   .          Harm     .    (no cloak)
rCorr   .          Rampage  .    K - +1 pair of gloves
Will    .....                    (no boots)
Stlth   ++++......               (no amulet)
HPRegen 0.36/turn                B - ring of poison resistance
MPRegen 0.19/turn                C - +4 ring of evasion

@: very slow
A: fangs 1, strong nose, distributed training
a: Renounce Religion, Evoke Blink, Bend Time, Temporal Distortion, Slouch


You were on level 13 of the Dungeon.
You worshipped Cheibriados.
Cheibriados was greatly pleased with you.
You visited 2 branches of the dungeon, and saw 14 of its levels.

You collected 884 gold pieces.
You spent 184 gold pieces at shops.

Inventory:

Hand Weapons
 a - a +1 war axe
 z - the +7 war axe of Silly Watchfulness (weapon) {flame, +Blink rF- rC+ Str+6}
   (You found it on level 4 of the Dungeon)

   It burns those it strikes, dealing additional fire damage.
   Big, fiery blades are also staple armaments of hydra-hunters.
   Str:       It affects your strength (+6).
   rF:        It makes you vulnerable to fire.
   rC:        It protects you from cold.
   +Blink:    It lets you blink.
Missiles
 y - 7 curare-tipped darts (quivered)
 I - a throwing net
 J - a silver javelin
Armour
 b - the +5 ring mail "Jykorgh" (worn) {Int+3}
   (You found it on level 4 of the Dungeon)

   Int:       It affects your intelligence (+3).
 c - a +0 buckler (worn)
 K - a +1 pair of gloves (worn)
Jewellery
 j - a ring of magical power
 B - a ring of poison resistance (left hand)
 C - a +4 ring of evasion (right hand)
 M - an amulet of faith
 N - a ring of protection from fire
Wands
 i - a wand of charming (2)
 k - a wand of polymorph (21)
 t - a wand of light (11)
 u - a wand of digging (5)
 H - a wand of flame (30)
Scrolls
 e - 2 scrolls of vulnerability {unknown}
 g - 5 scrolls of fog
 h - a scroll of noise {unknown}
 m - a scroll of brand weapon {unknown}
 n - a scroll of acquirement {unknown}
 q - 5 scrolls of enchant weapon
 r - 4 scrolls of amnesia {unknown}
 s - 2 scrolls of enchant armour {unknown}
 x - a scroll of magic mapping {unknown}
 E - 3 scrolls of immolation {unknown}
 F - a scroll of fear {unknown}
 G - 2 scrolls of teleportation
 O - 2 scrolls of identify
Potions
 d - 5 potions of might
 f - 6 potions of brilliance
 l - a potion of magic {unknown}
 o - 3 potions of resistance {unknown}
 p - 6 potions of curing
 v - 5 potions of flight
 w - 4 potions of attraction {unknown}
 A - a potion of mutation {unknown}
 D - a potion of lignification {unknown}
 L - 2 potions of cancellation {unknown}


   Skills:
 + Level 10.4 Fighting
 + Level 8.1 Short Blades
 + Level 8.1 Long Blades
 + Level 9.4 Axes
 + Level 8.1 Maces & Flails
 + Level 8.1 Polearms
 + Level 8.1 Staves
 + Level 8.1 Ranged Weapons
 + Level 8.1 Throwing
 + Level 10.4 Armour
 + Level 8.1 Dodging
 + Level 8.1 Stealth
 + Level 10.4 Shields
 + Level 8.1 Unarmed Combat
 + Level 8.1 Spellcasting
 + Level 6.7 Conjurations
 + Level 6.7 Hexes
 + Level 6.7 Summonings
 + Level 6.7 Necromancy
 + Level 6.7 Translocations
 + Level 6.7 Transmutations
 + Level 6.7 Fire Magic
 + Level 6.7 Ice Magic
 + Level 6.7 Air Magic
 + Level 6.7 Earth Magic
 + Level 6.7 Poison Magic
 + Level 8.9 Invocations
 + Level 8.1 Evocations


You had 27 spell levels left.
You didn't know any spells.
Your spell library contained the following spells:

 Spells                   Type           Power      Damage    Failure   Level
 Foxfire                  Conj/Fire      100%       2x1d9     1%          1
 Frozen Ramparts          Ice            76%        1d12      2%          3
 Ice Form                 Ice/Tmut       38%        N/A       7%          4
 Summon Ice Beast         Ice/Summ       38%        N/A       7%          4
 Fireball                 Conj/Fire      19%        3d9       21%         5
 Starburst                Conj/Fire      19%        6d7       73%         6


Dungeon Overview and Level Annotations

Branches:
Dungeon (13/15)            Temple (1/1) D:6            Lair (0/5) D:11
    Orc (0/2) D:12
 Vaults: D:13-14

Altars:
Ashenzari
Cheibriados
Dithmenos
Elyvilon
Fedhas
Gozag
Hepliaklqana
Kikubaaqudgha
Makhleb
Nemelex Xobeh
Okawaru
Qazlal
Ru
Sif Muna
Trog
Uskayaw
Vehumet
Wu Jian
Xom
Yredelemnul
Zin
The Shining One

Shops:
D:3 (   D:8 (   D:10 *

Annotations:
D:3 3 runed translucent doors, Devinter's ghost, amateur KoBr
D:4 2 transporters, mertasd123's ghost, amateur TrBe


Innate Abilities, Weirdness & Mutations

You have very sharp teeth.
Your uncanny sense of smell can sniff out nearby items.
Your experience applies equally to all skills.


Message History

The yaktaur shoots a bolt.
The bolt misses you.
The yaktaur captain shoots a bolt.
The bolt hits you!!
There is a stone staircase leading up, spattered with blood here.
Aiming: Throw Flame
Press: ? - help, Shift-Dir - straight line, f - yaktaur
Aim: a yaktaur, wielding a +0 arbalest (95% to hit)
The puff of flame hits the yaktaur.
The yaktaur is lightly wounded.
The yaktaur captain shoots a bolt.
The bolt hits you!!
The yaktaur shoots a bolt.
The bolt completely misses you.
The yaktaur shoots a bolt.
The bolt completely misses you.
The yaktaur captain shoots a bolt.
The bolt barely misses you.
The yaktaur shoots a bolt.
The bolt closely misses you.
You climb upwards.
There is a stone staircase leading down here.
You start resting.
HP restored.
You climb downwards.
The yaktaur captain shoots a bolt.
The bolt hits you!!
The yaktaur shoots a bolt.
The bolt misses you.
The yaktaur shoots a bolt.
You block the bolt.
There is a stone staircase leading up, spattered with blood here.
The yaktaur captain shoots a bolt.
The bolt misses you.
The yaktaur shoots a bolt.
The bolt hits you.
The yaktaur shoots a bolt.
You block the bolt.
You climb upwards.
There is a stone staircase leading down here.
You start resting.
HP restored.
You climb downwards.
The yaktaur captain shoots a bolt.
The bolt hits you!!!
The yaktaur shoots a bolt.
The bolt completely misses you.
The yaktaur shoots a bolt.
The bolt hits you!!
* * * LOW HITPOINT WARNING * * *
The yaktaur shoots a bolt.
The bolt hits you!
* * * LOW HITPOINT WARNING * * *
The yaktaur shoots a bolt.
The bolt misses you.
There is a stone staircase leading up, spattered with blood here.
The yaktaur captain shoots a bolt.
The bolt hits you!
* * * LOW HITPOINT WARNING * * *
The yaktaur shoots a bolt.
The bolt hits you!
You die...

/. .# # . ...#
.. # ?#.#...
#. ...c...
#.##.##.....c.
#^.........[..
#@.......
#......##
#.#.c..#
#(#.#### .[. #
#.. #.. #...


You could see a yaktaur captain and 2 yaktaurs.

Vanquished Creatures
  Nessos (D:12)
  4 boulder beetles
  7 two-headed ogres
  2 sun demons (D:11)
  Pikel (D:4)
  2 ugly things (D:12)
  A cyclops (D:12)
  A manticore (D:12)
  Maurice (D:8)
  3 orange demons (D:11)
  3 unseen horrors
  Maggie (D:8)
  4 kobold demonologists
  A hellwing (D:11)
  A hornet (D:9)
  3 trolls
  Grinder (D:3)
  2 wraiths (D:12)
  A wyvern (D:8)
  15 yaks
  A chaos spawn (D:11)
  4 vampire mosquitoes (D:11)
  A warg (D:12)
  Duvessa (D:7)
  An acid dragon (D:12)
  6 orc warriors
  A sky beast (D:7)
  2 black bears (D:11)
  4 centaurs
  An ogre (D:5)
  2 phantoms
  4 kobold brigands
  6 bullfrogs
  A necrophage (D:6)
  2 gnoll sergeants
  5 scorpions
  9 wights
  Dowan (D:7)
  A howler monkey (D:5)
  2 quasits (D:11)
  2 jellies
  6 orc priests
  A gnoll bouda (D:6)
  4 iguanas
  10 orc wizards
  22 gnolls
  7 adders
  3 white imps
  3 ufetubi
  2 worms (D:2)
  2 dart slugs
  37 orcs
  6 endoplasms
  4 giant cockroaches
  3 hobgoblins
  4 jackals (D:2)
  8 quokkas
  3 training dummies (D:8)
  11 ball pythons
  6 bats
  3 frilled lizards
  8 goblins
  21 kobolds
  6 rats
292 creatures vanquished.

Vanquished Creatures (others)
  A goblin (D:12)
  A demonic plant (D:11)
  15 fungi (D:11)
  10 plants
27 creatures vanquished.

Grand Total: 319 creatures vanquished

Notes
Turn   | Place    | Note
-------+----------+-------------------------------------------
     0 | D:1      | Ijustatesigmund the Gnoll Fighter began the quest for the
                  | Orb.
     0 | D:1      | Reached XP level 1. HP: 23/23 MP: 1/1
   303 | D:1      | Reached XP level 2. HP: 29/29 MP: 2/2
   600 | D:2      | Reached XP level 3. HP: 35/35 MP: 3/3
   890 | D:2      | Reached skill level 1 in Invocations
  1051 | D:2      | Reached skill level 1 in Short Blades
  1051 | D:2      | Reached skill level 1 in Long Blades
  1051 | D:2      | Reached skill level 1 in Maces & Flails
  1051 | D:2      | Reached skill level 1 in Polearms
  1051 | D:2      | Reached skill level 1 in Staves
  1051 | D:2      | Reached skill level 1 in Ranged Weapons
  1051 | D:2      | Reached skill level 1 in Throwing
  1051 | D:2      | Reached skill level 1 in Dodging
  1051 | D:2      | Reached skill level 1 in Stealth
  1051 | D:2      | Reached skill level 1 in Unarmed Combat
  1051 | D:2      | Reached skill level 1 in Spellcasting
  1051 | D:2      | Reached skill level 1 in Evocations
  1120 | D:2      | Reached XP level 4. HP: 41/41 MP: 5/5
  1776 | D:3      | You fall into a shaft and drop 1 floor!
  1881 | D:3      | Reached skill level 1 in Conjurations
  1881 | D:3      | Reached skill level 1 in Hexes
  1881 | D:3      | Reached skill level 1 in Summonings
  1881 | D:3      | Reached skill level 1 in Necromancy
  1881 | D:3      | Reached skill level 1 in Translocations
  1881 | D:3      | Reached skill level 1 in Transmutations
  1881 | D:3      | Reached skill level 1 in Fire Magic
  1881 | D:3      | Reached skill level 1 in Ice Magic
  1881 | D:3      | Reached skill level 1 in Air Magic
  1881 | D:3      | Reached skill level 1 in Earth Magic
  1881 | D:3      | Reached skill level 1 in Poison Magic
  1900 | D:3      | Found a runed translucent gate.
  1901 | D:3      | Found a runed translucent gate.
  1902 | D:3      | Found a runed translucent gate.
  1960 | D:3      | Noticed Devinter's ghost (amateur KoBr)
  1966 | D:3      | Found Obeesm's Antique Weapon Emporium.
  2361 | D:3      | Reached XP level 5. HP: 47/47 MP: 5/7
  2453 | D:3      | Found a stormy altar of Qazlal.
  2455 | D:3      | Found a burning altar of Makhleb.
  2455 | D:3      | Found a sparkling altar of Nemelex Xobeh.
  2596 | D:3      | Noticed Grinder
  2603 | D:3      | Killed Grinder
  2604 | D:3      | Reached skill level 5 in Axes
  2604 | D:3      | Reached XP level 6. HP: 44/53 MP: 7/9
  2959 | D:4      | Found a transporter.
  2961 | D:4      | Noticed mertasd123's ghost (amateur TrBe)
  2963 | D:4      | Identified the +5 ring mail "Jykorgh" {Int+3}
  2987 | D:4      | Found a transporter.
  3014 | D:4      | Found an ancient bone altar of Kikubaaqudgha.
  3053 | D:4      | Found a shadowy altar of Dithmenos.
  3305 | D:4      | Noticed Pikel
  3314 | D:4      | Killed Pikel
  3315 | D:4      | Reached XP level 7. HP: 60/60 MP: 9/11
  3315 | D:4      | Reached XP level 8. HP: 67/67 MP: 9/12
  3497 | D:4      | Identified the +7 war axe of Silly Watchfulness {flame,
                  | +Blink rF- rC+ Str+6}
  3701 | D:5      | Entered Level 5 of the Dungeon
  4258 | D:6      | Reached XP level 9. HP: 73/73 MP: 14/14
  4454 | D:6      | Found a basalt altar of Yredelemnul.
  4505 | D:6      | Found a staircase to the Ecumenical Temple.
  4519 | Temple   | Entered the Ecumenical Temple
  4663 | Temple   | Became a worshipper of Cheibriados the Contemplative
  5061 | D:7      | Noticed Duvessa
  5064 | D:7      | Noticed Dowan
  5067 | D:7      | Killed Duvessa
  5070 | D:7      | Killed Dowan
  5070 | D:7      | Reached * piety under Cheibriados
  5224 | D:7      | Reached skill level 5 in Invocations
  5335 | D:7      | Found a blossoming altar of Fedhas.
  5461 | D:7      | Found a white marble altar of Elyvilon.
  5904 | D:7      | Reached skill level 5 in Short Blades
  5904 | D:7      | Reached skill level 5 in Long Blades
  5904 | D:7      | Reached skill level 5 in Maces & Flails
  5904 | D:7      | Reached skill level 5 in Polearms
  5904 | D:7      | Reached skill level 5 in Staves
  5904 | D:7      | Reached skill level 5 in Ranged Weapons
  5904 | D:7      | Reached skill level 5 in Throwing
  5904 | D:7      | Reached skill level 5 in Dodging
  5904 | D:7      | Reached skill level 5 in Stealth
  5904 | D:7      | Reached skill level 5 in Unarmed Combat
  5904 | D:7      | Reached skill level 5 in Spellcasting
  5904 | D:7      | Reached skill level 5 in Evocations
  5904 | D:7      | Reached XP level 10. HP: 75/81 MP: 17/17
  6032 | D:8      | Noticed a two-headed ogre
  6040 | D:8      | Killed a two-headed ogre
  6306 | D:8      | Noticed Maurice
  6385 | D:8      | Killed Maurice
  6453 | D:8      | Noticed Maggie
  6462 | D:8      | Killed Maggie
  6688 | D:8      | Found Duzom's Firing Range.
  6699 | D:8      | Reached ** piety under Cheibriados
  7290 | D:9      | Found an ornate altar of the Wu Jian Council.
  7998 | D:10     | Entered Level 10 of the Dungeon
  7999 | D:10     | Noticed a two-headed ogre
  8012 | D:9      | Reached skill level 5 in Conjurations
  8012 | D:9      | Reached skill level 5 in Hexes
  8012 | D:9      | Reached skill level 5 in Summonings
  8012 | D:9      | Reached skill level 5 in Necromancy
  8012 | D:9      | Reached skill level 5 in Translocations
  8012 | D:9      | Reached skill level 5 in Transmutations
  8012 | D:9      | Reached skill level 5 in Fire Magic
  8012 | D:9      | Reached skill level 5 in Ice Magic
  8012 | D:9      | Reached skill level 5 in Air Magic
  8012 | D:9      | Reached skill level 5 in Earth Magic
  8012 | D:9      | Reached skill level 5 in Poison Magic
  8012 | D:9      | Reached XP level 11. HP: 84/89 MP: 20/20
  8020 | D:10     | Killed a two-headed ogre
  8066 | D:10     | Found Novoem's Assorted Antiques.
  8081 | D:10     | Bought a bone ring for 105 gold pieces
  8081 | D:10     | Bought 2 lumpy golden potions for 37 gold pieces
  8081 | D:10     | Bought a scroll of identify for 42 gold pieces
  8137 | D:10     | Noticed a soul eater
  8140 | D:10     | Reached *** piety under Cheibriados
  8396 | D:10     | Found an opulent altar of Gozag.
  8755 | D:11     | Noticed a two-headed ogre
  8762 | D:11     | Killed a two-headed ogre
  8823 | D:11     | Noticed a sun demon
  8823 | D:11     | Noticed a sun demon
  8923 | D:11     | Reached **** piety under Cheibriados
  9438 | D:11     | Killed a sun demon
  9549 | D:11     | Noticed a two-headed ogre
  9558 | D:11     | Killed a two-headed ogre
  9559 | D:11     | Reached XP level 12. HP: 97/97 MP: 22/22
  9981 | D:11     | Noticed a two-headed ogre
  9993 | D:11     | Killed a two-headed ogre
 10106 | D:11     | Killed a sun demon
 10166 | D:11     | Noticed a two-headed ogre
 10174 | D:11     | Killed a two-headed ogre
 10175 | D:11     | Reached skill level 10 in Fighting
 10175 | D:11     | Reached skill level 10 in Armour
 10175 | D:11     | Reached skill level 10 in Shields
 10220 | D:11     | Noticed a boulder beetle
 10238 | D:11     | Killed a boulder beetle
 10488 | D:11     | Found a staircase to the Lair.
 10567 | D:12     | Noticed a boulder beetle
 10581 | D:12     | Killed a boulder beetle
 10739 | D:12     | Reached ***** piety under Cheibriados
 10824 | D:12     | Found a staircase to the Orcish Mines.
 10872 | D:12     | Noticed a two-headed ogre
 10881 | D:12     | Killed a two-headed ogre
 10921 | D:12     | Noticed Nessos
 10921 | D:12     | Noticed a boulder beetle
 10932 | D:12     | Killed Nessos
 11403 | D:12     | Killed a boulder beetle
 11707 | D:12     | Noticed a boulder beetle
 11725 | D:12     | Killed a boulder beetle
 12226 | D:13     | Noticed a yaktaur captain
 12738 | D:13     | Shot with a bolt by a yaktaur

Illustrated notes

Levels and vault maps discovered:
D:1:      wander_arrival_abandoned_jail, layout_basic
D:2:      wad_river_or_something, layout_loops_corners, corner_web_ring
D:3:      layout_loops_ring, gammafunk_temple_overflow_forgotten, serial_shops,
          nicolae_shop_advertising_works [nicolae_subvault_shop_adworks],
          gammafunk_ghost_icy, minmay_quadrilaterals, uniq_grinder
D:4:      layout_basic, nicolae_dithmenos_the_darkroom, kiku_gazebo_pond_becter,
          gammafunk_ghost_stat_death, uniq_pikel
D:5:      layout_rooms
D:6:      layout_cave_pools, mainiacjoe_overflow_boulevard,
          minmay_temple_entry_butterflies
D:7:      layout_rooms, lemuel_tele_altar, nicolae_elyvilon_temple_path,
          corexii_item_surrounded_by_moat, uniq_duvessa
D:8:      layout_cave_pools, nicolae_shop_firing_range, uniq_maggie,
          uniq_maurice
D:9:      layout_loops_ring, mainiacjoe_overflow_cross_hatched
D:10:     layout_loops_ring, kennysheep_mini_moat, serial_shops,
          nicolae_lakefront_shop
D:11:     layout_irregular_city, grunt_lair_entry_orc_guard_hut, serial_demonic,
          serial_demonic_d, serial_demonic_f, serial_demonic_c, serial_demonic_d
D:12:     layout_basic, erik_orc_3, uniq_nessos
D:13:     layout_loops_ring, david_vaults_2
Temple:   nicolae_temple_bog_church

Skill      XL: |  1  2  3  4  5  6  7  8  9 10 11 12 |
---------------+-------------------------------------+-----
Invocations    | 1 2 3 4 5 6 7 8 |  8.9
Short Blades   | 1 2 3 5 6 7 8 |  8.1
Long Blades    | 1 2 3 5 6 7 8 |  8.1
Maces & Flails | 1 2 3 5 6 7 8 |  8.1
Polearms       | 1 2 3 5 6 7 8 |  8.1
Staves         | 1 2 3 5 6 7 8 |  8.1
Ranged Weapons | 1 2 3 5 6 7 8 |  8.1
Throwing       | 1 2 3 5 6 7 8 |  8.1
Dodging        | 1 2 3 5 6 7 8 |  8.1
Stealth        | 1 2 3 5 6 7 8 |  8.1
Unarmed Combat | 1 2 3 5 6 7 8 |  8.1
Spellcasting   | 1 2 3 5 6 7 8 |  8.1
Evocations     | 1 2 3 5 6 7 8 |  8.1
Conjurations   | 1 2 3 4 5 6 |  6.7
Hexes          | 1 2 3 4 5 6 |  6.7
Summonings     | 1 2 3 4 5 6 |  6.7
Necromancy     | 1 2 3 4 5 6 |  6.7
Translocations | 1 2 3 4 5 6 |  6.7
Transmutations | 1 2 3 4 5 6 |  6.7
Fire Magic     | 1 2 3 4 5 6 |  6.7
Ice Magic      | 1 2 3 4 5 6 |  6.7
Air Magic      | 1 2 3 4 5 6 |  6.7
Earth Magic    | 1 2 3 4 5 6 |  6.7
Poison Magic   | 1 2 3 4 5 6 |  6.7
Axes           | 5 6 7 8 9 |  9.4
Fighting       | 7 8 9 10 | 10.4
Armour         | 7 8 9 10 | 10.4
Shields        | 7 8 9 10 | 10.4

Action                   |  1- 3 |  4- 6 |  7- 9 | 10-12 || total
-------------------------+-------+-------+-------+-------++-------
Melee: War axe           |   104 |   119 |   172 |   343 ||   738
       Bite              |    11 |     8 |    20 |    45 ||    84
Throw: Dart              |       |    13 |     1 |    33 ||    47
       Throwing net      |       |     1 |       |       ||     1
Invok: Slouch            |       |       |       |     2 ||     2
Evoke: Wand              |       |     1 |       |    18 ||    19
  Use: Scroll            |       |     2 |     3 |     7 ||    12
       Potion            |       |       |       |     2 ||     2
 Stab: Invisible         |       |     1 |       |     1 ||     2
       Sleeping          |       |       |     3 |     2 ||     5
Armor: Plate armour      |    67 |    65 |       |       ||   132
       Ring mail         |       |    18 |    53 |    98 ||   169
Dodge: Dodged            |    23 |    47 |   120 |   343 ||   533
Block: Buckler           |    28 |    34 |    46 |   157 ||   265

Table legend: (Time is in decaauts)
 A = Elapsed time spent in this place.
 B = Non-inter-level travel time spent in this place.
 C = Inter-level travel time spent in this place.
 D = Time resting spent in this place.
 E = Time spent auto-exploring this place.
 F = Levels seen in this place.
 G = Mean time per level.
                   A        B        C        D        E       F      G
               +--------+--------+--------+--------+--------+-----+--------+
         Total |  14999 |  14511 |    488 |   2755 |   9373 |  14 | 1071.4 |
       Dungeon |  14833 |  14373 |    460 |   2755 |   9248 |  13 | 1141.0 |
        Temple |    166 |    138 |     28 |      0 |    125 |   1 |  166.0 |
               +--------+--------+--------+--------+--------+-----+--------+

Top non-repeatable levels by time:
    D:12: 2813 daAuts
    D:11: 2006 daAuts
     D:8: 1503 daAuts
    D:10: 1287 daAuts
     D:2: 1180 daAuts
     D:9: 1124 daAuts
     D:7: 1095 daAuts
     D:3: 1020 daAuts
     D:4: 966 daAuts
     D:6: 743 daAuts
     D:1: 609 daAuts
     D:5: 466 daAuts
  Temple: 166 daAuts
    D:13: 15 daAuts
